 Dungeon Crawl Stone Soup version 0.29-a0-557-g43b9904bd1 (webtiles) character file.

Game seed: 11490165168385484262

34 RancidPinata the Cudgeller (level 3, -5/22 HPs)
             Began as a Gargoyle Gladiator on June 8, 2022.
             Slain by an orc
             ... wielding a +0 morningstar
              (10 damage)
             ... on level 2 of the Dungeon.
             The game lasted 00:06:28 (1349 turns).

RancidPinata the Cudgeller (Gargoyle Gladiator)     Turns: 1349, Time: 00:06:28

Health: -5/22      AC:  8    Str: 19    XL:     3   Next: 31%
Magic:  3/3        EV: 12    Int:  8    God:
Gold:   43         SH:  0    Dex: 11    Spells: 2/2 levels left

rFire   + . .      SeeInvis .   p - +5 dagger of Woutun {freeze, *Slow rElec rF+ rN+}
rCold   . . .      Faith    .   (no shield)
rNeg    + + .      Spirit   .   b - +0 leather armour
rPois   ∞          Reflect  .   c - +0 helmet
rElec   +          Harm     .   (no cloak)
rCorr   .          Rampage  .   f - +0 pair of gloves
Will    .....                   (no boots)
Stlth   +.........              (no amulet)
HPRegen 0.07/turn               (no ring)
MPRegen 0.08/turn               (no ring)

@: no status effects
A: sickness immunity, AC +3, negative energy resistance 1, electricity
resistance, torment resistance 1, petrification resistance
a: no special abilities


You were on level 2 of the Dungeon.
You visited 1 branch of the dungeon, and saw 2 of its levels.

You collected 43 gold pieces.

Inventory:

Hand Weapons
 a - a +0 flail
 p - the +5 dagger of Woutun (weapon) {freeze, *Slow rElec rF+ rN+}
   (You found it on level 2 of the Dungeon)

   It freezes those it strikes, dealing additional cold damage.
   It can also slow down cold-blooded creatures.
   rF:        It protects you from fire.
   rElec:     It insulates you from electricity.
   rN:        It protects you from negative energy.
   *Slow:     It may slow you when you take damage.
Missiles
 d - 3 throwing nets (quivered)
 e - a javelin
 h - 2 poisoned darts
 i - 25 stones
Armour
 b - a +0 leather armour (worn)
 c - a +0 helmet (worn)
 f - a +0 pair of gloves (worn)
Scrolls
 g - a scroll of brand weapon {unknown}
 j - a scroll of immolation
 k - a scroll of enchant armour {unknown}
 l - a scroll of enchant weapon {unknown}
 o - a scroll of identify {unknown}
Potions
 m - a potion of degeneration {unknown}
 n - a potion of brilliance {unknown}


   Skills:
 * Level 2.8 Fighting
 * Level 0.1 Short Blades
 - Level 0.1(1.8) Axes
 + Level 3.3(3.4) Maces & Flails
 + Level 2.1 Throwing
 + Level 2.6 Dodging


You had 2 spell levels left.
You didn't know any spells.
Your spell library contained the following spells:

 Spells                   Type           Power      Damage    Failure   Level
 Magic Dart               Conj           0%         1d3       45%         1
 Call Imp                 Summ           0%         N/A       61%         2
 Mephitic Cloud           Conj/Pois/Air  0%         N/A       83%         3


Dungeon Overview and Level Annotations

Branches:
Dungeon (2/15)

Altars:


Innate Abilities, Weirdness & Mutations

You are immune to sickness and miasma.
Your stone body is resilient. (AC +3)
You are immune to poison.
You resist negative energy. (rN+)
You are resistant to electric shocks. (rElec)
You are resistant to unholy torment.
You are immune to petrification.


Message History

The orc throws a boomerang.
The boomerang closely misses you.
You start waiting.
An orc is nearby!
You hit the orc. You freeze the orc.
You kill the orc!
You start waiting.
An orc is nearby!
You hit the orc. You freeze the orc.
The orc is moderately wounded.
You closely miss the orc.
The orc is moderately wounded.
The orc misses you. The orc attacks as you move away!
The orc hits you with a +0 short sword.
You hit the orc. You freeze the orc.
The orc is moderately wounded.
The orc hits you with a +0 morningstar!
You hit the orc but do no damage.
The orc is moderately wounded.
The orc hits you but does no damage.
Found a chain mail and 10 gold pieces.
The orc attacks as you move away! The orc completely misses you.
You see here a +0 chain mail.
You see here 10 gold pieces.
The orc attacks as you move away! The orc hits you with a +0 morningstar.
Found a scroll labelled OTOTOPNEOTE.
The orc attacks as you move away! The orc misses you.
The orc attacks as you move away! The orc closely misses you.
The orc attacks as you move away! The orc barely misses you.
The orc attacks as you move away! The orc closely misses you.
Found 17 gold pieces.
Found 12 gold pieces.
You see here a scroll labelled OTOTOPNEOTE.
o - a scroll labelled OTOTOPNEOTE The orc barely misses you.
The orc attacks as you move away! The orc hits you with a +0 morningstar.
* * * LOW HITPOINT WARNING * * *
The orc priest calls upon Beogh to heal the orc.
The orc's wounds heal themselves!
The orc attacks as you move away! The orc hits you with a +0 morningstar!
You die...

#.# #.# #.# #.#
#.# #.# #.# #.#
#.# #.# #####
#.# #.#
....###.# #.#
#### #.....# #.#
....# #.@# #.#
.....##.o#
####.###
..........$#o.#
#......#
..........⌠#..#
#.##.#.#
..........$#.##
#.##.#.# . ...o.
....##o#
#.#..#.# .##....
...###.#
#.#.##.#
....#########.o#
#.#.##.#
#oo............#
##.#.##.#


You could see an orc priest and 3 orcs.

Vanquished Creatures
  2 dart slugs
  2 orcs (D:2)
  2 ball pythons (D:1)
  3 endoplasms (D:1)
  2 giant cockroaches (D:1)
  A goblin (D:1)
  2 hobgoblins (D:1)
  2 quokkas (D:1)
  2 bats (D:1)
  4 frilled lizards (D:1)
  A kobold (D:2)
  4 rats
27 creatures vanquished.

Notes
Turn   | Place    | Note
-------+----------+-------------------------------------------
     0 | D:1      | RancidPinata the Gargoyle Gladiator began the quest for the
                  | Orb.
     0 | D:1      | Reached XP level 1. HP: 12/12 MP: 1/1
   230 | D:1      | Reached XP level 2. HP: 15/18 MP: 2/2
   287 | D:1      | Found a faded altar of an unknown god.
   944 | D:1      | Reached XP level 3. HP: 22/22 MP: 3/3
  1299 | D:2      | Identified the +5 dagger of Woutun {freeze, *Slow rElec rF+
                  | rN+}
  1349 | D:2      | Slain by an orc

Illustrated notes

Levels and vault maps discovered:
D:1:      giann_forest_graveyard, layout_rooms,
          hellmonk_ecumenical_altar_blasted
D:2:      cheibrodos_pilgrimage, layout_loops_ring

Skill      XL: |  1  2 |
---------------+-------+-----
Throwing       | 2 |  2.1
Fighting       | |  2.8
Short Blades   | |  0.1
Axes           | |  0.1
Maces & Flails | |  3.3
Dodging        | |  2.6

Action                   || total
-------------------------++-------
Melee: Flail             ||    74
       Punch             ||     2
       Dagger            ||     8
Armor: Leather armour    ||    36
Dodge: Dodged            ||    62

Table legend: (Time is in decaauts)
 A = Elapsed time spent in this place.
 B = Non-inter-level travel time spent in this place.
 C = Inter-level travel time spent in this place.
 D = Time resting spent in this place.
 E = Time spent auto-exploring this place.
 F = Levels seen in this place.
 G = Mean time per level.
                   A        B        C        D        E       F      G
               +--------+--------+--------+--------+--------+-----+--------+
         Total |   1366 |   1366 |      0 |    591 |    360 |   2 |  683.0 |
       Dungeon |   1366 |   1366 |      0 |    591 |    360 |   2 |  683.0 |
               +--------+--------+--------+--------+--------+-----+--------+

Top non-repeatable levels by time:
     D:1: 1122 daAuts
     D:2: 244 daAuts
